 Dungeon Crawl Stone Soup version 0.31-a0-167-g1c394c0614 (webtiles) character file.

Game seed: 16792946486884080531

231 qw the Chopper (level 6, -1/37 HPs)
             Began as a Gargoyle Fighter on June 14, 2023.
             Slain by Terence
             ... wielding a +5 flail of venom
              (5 damage)
             ... on level 3 of the Dungeon.
             The game lasted 00:01:07 (1915 turns).

qw the Chopper (Gargoyle Fighter)                   Turns: 1915, Time: 00:01:07

Health: -1/37      AC: 13    Str: 21    XL:     6   Next: 3%
Magic:  0/6        EV:  7    Int:  9    God:
Gold:   44         SH:  4    Dex:  9    Spells: 5/5 levels left

rFire   . . .        Y - +1 war axe
rCold   . . .        c - +0 buckler
rNeg    + . .        j - +0 chain mail
rPois   inf          (no helmet)
rElec   +            (no cloak)
rCorr   .            (no gloves)
SInv    .            (no boots)
Will    +....        e - amulet of guardian spirit Stlth
                     i - ring of willpower
HPRegen 0.26/turn    (no ring)
MPRegen 0.10/turn

%: guardian spirit
@: no status effects
A: sickness immunity, AC +4, negative energy resistance 1, electricity
resistance, torment resistance 1, petrification resistance
a: no special abilities


You were on level 3 of the Dungeon.
You visited 1 branch of the dungeon, and saw 3 of its levels.

You collected 116 gold pieces.
You spent 72 gold pieces at shops.


Innate Abilities, Weirdness & Mutations

You are immune to sickness and miasma.
Your stone body is resilient. (AC +4)
You are immune to poison.
You resist negative energy. (rN+)
You are resistant to electric shocks. (rElec)
You are resistant to unholy torment.
You are immune to petrification.


   Skills:
 + Level 3.4 Fighting
 - Level 5.5 Axes
 - Level 3.2 Armour
 - Level 3.2 Shields


You had 5 spell levels left.
You didn't know any spells.
Your spell library was empty.

Inventory:

Hand Weapons
 n - a +0 mace
 Y - a +1 war axe (weapon)
Armour
 b - a +0 cloak
 c - a +0 buckler (worn)
 j - a +0 chain mail (worn)
Jewellery
 a - an amulet of faith
 e - an amulet of guardian spirit (around neck)
 i - a ring of willpower (left hand)
Scrolls
 k - a scroll of enchant armour
 m - a scroll of fear {unknown}
Potions
 d - a potion of might
 f - a potion of mutation {unknown}
 g - a potion of heal wounds {unknown}
 h - a potion of curing
 l - 3 potions of attraction

Dungeon Overview and Level Annotations

Branches:
Dungeon (3/15)

Altars:
Uskayaw

Shops:
D:2 (   D:3 (!

Annotations:
D:3 Terence


Message History

Enter note:
Enter note:
Enter note:
Enter note:
Enter note: Terence is nearby!
Enter note:
Enter note:
Enter note:
Enter note:
Enter note:
Enter note: You hit Terence.
Terence is moderately wounded.
Terence hits you with a +5 flail of venom.
You hit Terence but do no damage.
Terence is moderately wounded.
Terence hits you but does no damage.
You hit Terence but do no damage.
Terence is moderately wounded.
Terence hits you with a +5 flail of venom.
Terence says, "Rest in peace."
Terence hits you with a +5 flail of venom!
You hit Terence but do no damage.
Terence is moderately wounded.
Terence hits you with a +5 flail of venom!
You slash Terence!
Terence is severely wounded.
You block Terence's attack.
You closely miss Terence.
Terence is severely wounded.
Terence hits you with a +5 flail of venom.
You barely miss Terence.
Terence is severely wounded.
Terence hits you but does no damage.
You hit Terence but do no damage.
Terence is severely wounded.
Terence hits you with a +5 flail of venom!
Terence hits you with a +5 flail of venom.
You die...

#.# #..## #.#
#.... .#.##.## #
#...# ........
#.#...#### #
######.
#.#......#.# #.
.......... #.
#.#.##.#### ##|
#..@@...... #..
###.##.#### ###'#
#.##.#########~~¤¤
#..........##~~~.~
####.#####..#¤¤¤.~
#.# #..+.¤¤}¤ #.#
#.##~¤~¤~ #.#
#.##~~~¤~
#.#####.###~~¤~


You could see Terence.

Vanquished Creatures
  Pargi (D:3)
  An orc priest (D:3)
  4 adders
  A dart slug (D:2)
  5 orcs (D:3)
  7 endoplasms
  A giant cockroach (D:2)
  3 goblins
  5 hobgoblins
  2 jackals (D:3)
  5 quokkas
  5 ball pythons
  3 bats
  A frilled lizard (D:1)
  6 kobolds
  6 rats
56 creatures vanquished.

Notes
Turn   | Place    | Note
-------+----------+-------------------------------------------
     0 | D:1      | qw the Gargoyle Fighter began the quest for the Orb.
     0 | D:1      | Reached XP level 1. HP: 14/14 MP: 1/1
     0 | D:1      | 0 ||| qw: Version: 0.2-a-29-g1fa15c8
     0 | D:1      | 0 ||| qw: Game counter: 5035
     0 | D:1      | 0 ||| qw: Always use a shield: true
     0 | D:1      | 0 ||| qw: God list: Okawaru
     0 | D:1      | 0 ||| qw: Allow faded altars: false
     0 | D:1      | 0 ||| qw: Do Orc after D:15 true
     0 | D:1      | 0 ||| qw: Do second Lair branch before Depths: true
     0 | D:1      | 0 ||| qw: Lair rune preference: random
     0 | D:1      | 0 ||| qw: Plans: Normal, Zot:1-4, Slime:5, God:TSO, Crypt,
                  | Tomb, Abyss, Pan, Hells, Win
     0 | D:1      | 0 ||| PLANNING D:1-11
    65 | D:1      | Reached skill level 2 in Axes
   185 | D:1      | Reached XP level 2. HP: 12/19 MP: 2/2
   735 | D:1      | 735 ||| UPGRADING to +0 chain mail.
   745 | D:1      | 745 ||| DROPPING +0 scale mail.
   746 | D:1      | 746 ||| UPGRADING to amulet of guardian spirit.
   751 | D:1      | 751 ||| DROPPING amulet of magic regeneration.
   752 | D:1      | 752 ||| READING scroll labelled ICHIYQIREU.
   753 | D:1      | 753 ||| READING scroll labelled VIHYLE KOCSOB.
   809 | D:2      | 809 ||| Stepping ~*~*~tactically~*~*~ (hiding).
   810 | D:2      | 810 ||| Stepping ~*~*~tactically~*~*~ (hiding).
   811 | D:2      | 811 ||| Stepping ~*~*~tactically~*~*~ (hiding).
   821 | D:2      | Reached skill level 3 in Axes
   875 | D:2      | Reached XP level 3. HP: 23/23 MP: 3/3
   961 | D:2      | Found a hide-covered altar of Uskayaw.
  1014 | D:2      | Found Fehauvuat's Weapon Shop.
  1092 | D:2      | 1092 ||| Stepping ~*~*~tactically~*~*~ (stealth).
  1132 | D:2      | Reached XP level 4. HP: 28/28 MP: 4/4
  1299 | D:2      | 1299 ||| UPGRADING to ring of willpower.
  1300 | D:2      | 1300 ||| READING scroll labelled BAUXEMYURU.
  1301 | D:2      | 1301 ||| READING scroll labelled IGILEK VUATACW.
  1317 | D:2      | 1317 ||| READING scroll labelled HIERGH DASARHAE.
  1320 | D:2      | 1320 ||| DRINKING 2 bubbling pink potions.
  1342 | D:3      | Found Sowatzimn's Distillery.
  1350 | D:3      | 1350 ||| BUYING 2 potions of attraction (72 gold).
  1350 | D:3      | Bought 2 potions of attraction for 72 gold pieces
  1350 | D:3      | 1350 ||| SHOPLISTING potion of attraction (36 gold, have
                  | 18).
  1350 | D:3      | 1350 ||| SHOPLISTING potion of curing (36 gold, have 18).
  1350 | D:3      | 1350 ||| SHOPLISTING potion of lignification (36 gold, have
                  | 18).
  1401 | D:3      | Reached skill level 4 in Axes
  1486 | D:3      | Found Feph's Weapon Shoppe.
  1514 | D:3      | 1514 ||| Stepping ~*~*~tactically~*~*~ (stealth).
  1565 | D:3      | HP: 7/28 [orc/+0 trident (1)]
  1566 | D:3      | Reached XP level 5. HP: 8/32 MP: 2/5
  1567 | D:3      | HP: 2/32 [orc/+0 trident (6)]
  1687 | D:3      | 1687 ||| DROPPING +0 whip.
  1716 | D:3      | Noticed Pargi
  1731 | D:3      | Killed Pargi
  1732 | D:3      | Reached skill level 5 in Axes
  1891 | D:3      | Reached XP level 6. HP: 37/37 MP: 6/6
  1903 | D:3      | Noticed Terence
  1913 | D:3      | HP: 9/37 [Terence/+5 flail of venom (6)]
  1915 | D:3      | HP: 4/37 [Terence/+5 flail of venom (6)]
  1915 | D:3      | Slain by Terence

Levels and vault maps discovered:
D:1:      dpeg_arrival_round_a, layout_basic, chequers_arboretum
D:2:      layout_rooms, basic_altar, serial_shops, shop, minmay_misc_feat_roman
D:3:      minmay_wonky_spiral, layout_loops_ring, serial_shops, shop, shop,
          shop_statue, kennysheep_flooded_box, nicolae_elevator_lobby_asterisk,
          uniq_pargi, uniq_terence

Skill      XL: |  1  2  3  4  5 |
---------------+----------------+-----
Axes           | 2 3 4 5 |  5.5
Fighting       | |  3.4
Armour         | |  3.2
Shields        | |  3.2

Action                     |  1- 3 |  4- 6 || total
---------------------------+-------+-------++-------
  Melee: War axe           |    97 |    79 ||   176
    Use: Scroll            |     2 |     3 ||     5
         Potion            |       |     1 ||     1
 Armour: Scale mail        |    16 |       ||    16
         Chain mail        |    35 |    45 ||    80
  Dodge: Dodged            |    38 |    39 ||    77
  Block: Buckler           |    14 |    15 ||    29

Table legend:
 A = Non-vault XP
 B = Vault XP
 C = Vault XP percentage of total XP
 D = Non-vault monster count
 E = Vault monster count
 F = Vault count percentage of total count
                 A         B        C        D         E       F
            +---------+---------+-------+---------+---------+-------
      Total |     189 |     141 |  42.7 |      55 |       1 |   1.8
            +---------+---------+-------+---------+---------+-------
        D:1 |      29 |       0 |   0.0 |      20 |       0 |   0.0
        D:2 |      63 |       0 |   0.0 |      14 |       0 |   0.0
        D:3 |      97 |     141 |  59.2 |      21 |       1 |   4.5
            +---------+---------+-------+---------+---------+-------
